 Dungeon Crawl Stone Soup version 0.18-a0-1413-g4eaa9ac (webtiles) character file.

52 M4edhros the Insei (level 3, 0/23 HPs)
             Began as an Octopode Artificer on Feb 25, 2016.
             Succumbed to an adder's poison
             ... on level 2 of the Dungeon.
             The game lasted 00:01:20 (1569 turns).

M4edhros the Insei (Octopode Artificer)             Turns: 1569, Time: 00:01:20

Health: 0/23       AC:  5    Str:  9 (12) XL:     3   Next: 85%
Magic:  5/5        EV: 12    Int: 14 (15) God:
Gold:   49         SH:  0    Dex:  9 (12) Spells: 0 memorised, 2 levels left

rFire  . . .     SeeInvis .       - Unarmed
rCold  + . .     Gourm    .     (no shield)
rNeg   . . .     Faith    .     (helmet restricted)
rPois  .         Spirit   .     (no amulet)
rElec  .         Dismiss  .     (no ring)
rCorr  .         Reflect  .     (no ring)
SustAt .         Harm     .     (no ring)
MR     .....                    (no ring)
Stlth  +++.......               (no ring)
                                (no ring)
                                (no ring)
                                (no ring)

@: lethally poisoned (0 -> -9), flying, very slightly contaminated, invisible,
not resistant to hostile enchantments, fairly stealthy
A: almost no armour, amphibious, 8 rings, constrict 8, iridescent scales 1,
camouflage 1, cold resistance 1, strong 1, gelatinous body 1
a: no special abilities


You were on level 2 of the Dungeon.
You were not hungry.

You visited 1 branch of the dungeon, and saw 2 of its levels.

You collected 49 gold pieces.

Inventory:

Missiles
 m - 20 stones (quivered)
Wands
 b - a wand of flame (15/48)
 c - a wand of enslavement (15/24)
 d - a wand of random effects (15/48)
Scrolls
 a - 2 scrolls of identify {unknown}
 g - 2 scrolls of enchant weapon {unknown}
 j - 2 scrolls of amnesia {unknown}
 l - a scroll of recharging {unknown}
Comestibles
 f - 2 bread rations
 i - 2 meat rations


   Skills:
 - Level 1.0 Fighting
   Level 1.0 Short Blades
 - Level 2.0 Dodging
 - Level 1.3 Stealth
 + Level 3.3 Unarmed Combat
 - Level 3.2 Evocations


You had 2 spell levels left.
You didn't know any spells.

Dungeon Overview and Level Annotations

Branches:
Dungeon (2/15)

Altars:


Innate Abilities, Weirdness & Mutations

You cannot wear most types of armour.
You are amphibious.
You can wear up to eight rings at the same time.
You can use your tentacles to constrict eight enemies at once.
Your skin changes colour to match your surroundings (Stealth).
Your rubbery body absorbs attacks (AC +1).
You are partially covered in iridescent scales (AC +4).
Your flesh is cold resistant.
Your muscles are strong. (Str +2)


Message History

You constrict the adder.
* * * LOW HITPOINT WARNING * * *
You feel sick. The adder closely misses you.
You are very lightly contaminated with residual magic.
Drink which item? (? for menu, Esc to quit)
It was a potion of mutation.
You feel extremely strange.
You feel stronger.
Iridescent scales grow over part of your body.
You feel resistant to cold.
You constrict the adder.
You kill the adder!
You feel your intelligence returning.
* * * LOW HITPOINT WARNING * * *
You feel sick.
Drink which item? (? for menu, Esc to quit)
Okay, then.
Drink which item? (? for menu, Esc to quit)
You feel very buoyant.
You fly up into the air.
You die...

#...# #.##. #...# .....
#######...#######...##
#....................
...................#
.......)...........##
#.#####.............#.#.
#.# #....#............
#.# #.....#....@.....#
#[# #.....#.....†#.###
..# #..#######...# # ###
.... ..### # #. ##.. ..
#.## .#.. #.# ..#... ...
#.. ..


There were no monsters in sight!

Vanquished Creatures
  2 adders (D:2)
  A worm (D:2)
  2 giant cockroaches (D:1)
  3 goblins
  5 hobgoblins
  5 kobolds
  A ball python (D:1)
  6 bats
  A giant newt (D:1)
  5 rats
31 creatures vanquished.

Notes
Turn   | Place    | Note
--------------------------------------------------------------
     0 | D:1      | M4edhros the Octopode Artificer began the quest for the Orb.
     0 | D:1      | Reached XP level 1. HP: 13/13 MP: 3/3
   198 | D:1      | Reached skill level 1 in Unarmed Combat
   528 | D:1      | Reached XP level 2. HP: 15/18 MP: 4/4
  1031 | D:2      | Reached XP level 3. HP: 10/23 MP: 5/5
  1568 | D:2      | Gained mutation: Your muscles are strong. (Str +2) [potion of mutation]
  1568 | D:2      | Gained mutation: You are partially covered in iridescent scales (AC +4). [potion of mutation]
  1568 | D:2      | Gained mutation: Your flesh is cold resistant. [potion of mutation]
  1568 | D:2      | HP: 1/23 [poisoned by an adder]
  1569 | D:2      | Succumbed to an adder's poison

Vault maps used:
D:1:      dpeg_cavernosity, minmay_misc_feat_five, glass_columns_b
D:2:      grunt_decor_one_mirror, minmay_misc_feat_diagonals,
          makhleb_blood_cavern_becter

Skill      XL: |  1  2  3 |
---------------+----------+-----
Unarmed Combat | 1 2 3 |  3.3
Fighting       | |  1.0
Short Blades   | |  1.0
Dodging        | |  2.0
Stealth        | |  1.3
Evocations     | |  3.2

Action                   || total
-------------------------++-------
Melee: Unarmed           ||    80
  Use: Potion            ||     6
 Stab: Sleeping          ||    13
  Eat: Chunk             ||     2
